 Dungeon Crawl Stone Soup version 0.31-a0-889-g1a8549509d (webtiles) character file.

Game seed: 3128077206156945347

9 Kurtz the Sneak (level 2, 0/28 HPs)
             Began as a Naga Delver on Oct 16, 2023.
             Slain by a hound (2 damage)
             ... on level 5 of the Dungeon.
             The game lasted 00:00:30 (217 turns).

Kurtz the Sneak (Naga Delver)                        Turns: 217, Time: 00:00:31

Health: 0/28       AC:  2    Str: 14    XL:     2   Next: 16%
Magic:  2/2        EV:  9    Int: 10    God:
Gold:   0          SH:  0    Dex: 12    Spells: 1/1 levels left

rFire   . . .        a - +0 hand axe
rCold   . . .        (no shield)
rNeg    . . .        b - +0 leather armour
rPois   +            (no helmet)
rElec   .            (no cloak)
rCorr   .            (no gloves)
SInv    +            (no barding)
Will    .....        (no amulet)
Stlth   +++          (no ring)
HPRegen 0.24/turn    (no ring)
MPRegen 0.08/turn

%: no passive effects
@: short of breath, very slow
A: AC +0, large, see invisible, deformed body, poison resistance, slowness 2,
spit poison 1, naga tail 1
a: Spit Poison


You were on level 5 of the Dungeon.
You visited 1 branch of the dungeon, and saw 2 of its levels.

Inventory:

Hand Weapons
 a - a +0 hand axe (weapon)
Armour
 b - a +0 leather armour (worn)
Wands
 g - a wand of digging (3)
Scrolls
 c - a scroll of fog
 d - a scroll of revelation
 e - a scroll of fear
Potions
 f - a potion of haste
 h - a potion of resistance {unknown}


   Skills:
 - Level 3.0 Fighting
 * Level 2.8 Axes
 - Level 1.5 Dodging
 - Level 7.2 Stealth


You had one spell level left.
You didn't know any spells.
Your spell library contained the following spells:

 Spells                   Type           Power      Damage    Failure   Level
 Dazzling Flash           Conj/Hex       0%         N/A       82%         3
 Volatile Blastmotes      Fire/Tloc      0%         2d10      82%         3
 Starburst                Conj/Fire      0%         6d3       100%        6
 Maxwell's Capacitive Co  Air            0%         ∞         100%        8


Dungeon Overview and Level Annotations

Branches:
Dungeon (5/15)
 Temple: D:4-7

Altars:


Innate Abilities, Weirdness & Mutations

Your serpentine skin is tough. (AC +0)
You have supernaturally acute eyesight. (SInv)
Armour fits poorly on your strangely shaped body.
Your system is resistant to poisons. (rPois)
You cover ground very slowly.
You can spit poison.
You have a snake-like lower body.


Message History

Aim: a hound (wandering, hasn't noticed you, 45% to hit)
The splash of poison hits the hound but does no damage.
The hound barks!
Unknown command.
The hound bites you.
You have got your breath back.
The hound bites you.
Aiming: Spit Poison (2% risk of failure)
Press: ? - help, Shift-Dir - straight line, f/p - hound
Aim: a hound (45% to hit)
The splash of poison misses the hound.
The hound bites you but does no damage. The hound barely misses you.
Unknown command.
You closely miss the hound. The hound closely misses you.
You closely miss the hound. The hound bites you but does no damage.
The hound bites you.
You closely miss the hound. The hound bites you.
The hound bites you but does no damage.
You barely miss the hound. The hound bites you.
You have got your breath back.
The hound bites you. The hound bites you.
* * * LOW HITPOINT WARNING * * *
The hound bites you.
* * * LOW HITPOINT WARNING * * *
Aiming: Spit Poison (2% risk of failure)
Press: ? - help, Shift-Dir - straight line, f/p - hound
Aim: a hound (45% to hit)
The splash of poison hits the hound.
The hound is poisoned.
The hound is moderately wounded.
The hound barely misses you.
Unknown command.
You closely miss the hound.
The hound is moderately wounded.
The hound bites you but does no damage. The hound bites you.
* * * LOW HITPOINT WARNING * * *
You closely miss the hound.
The hound is lightly wounded.
The hound barely misses you. The hound bites you.
You die...

#######.#####.#.#######.#
........# #............
#######.# #...#######.#
#.# #<..# #.#
###.)#######. #.#
#............ #.#
####.######## #.# #h# #.#
#@### #.# #...#
#.#########.#
#...........#
#.########### ###


You could see a hound (poisoned).

Vanquished Creatures
  A gnoll (D:4)
1 creature vanquished.

Notes
Turn   | Place    | Note
-------+----------+-------------------------------------------
     0 | D:5      | Kurtz the Naga Delver began the quest for the Orb.
     0 | D:5      | Reached XP level 1. HP: 21/21 MP: 1/1
    77 | D:4      | Reached XP level 2. HP: 12/28 MP: 2/2
   217 | D:5      | Slain by a hound

Illustrated notes

Levels and vault maps discovered:
D:4:      layout_basic, elyvilon_altar_4, gammafunk_ghost_cemetery
D:5:      layout_basic, lemuel_round_altar, yredelemnul_forgotten_temple_becter,
          minmay_splitting_lines

Action                     || total
---------------------------++-------
  Melee: Hand axe          ||     9
Ability: Spit Poison       ||     6
 Armour: Leather armour    ||    18
  Dodge: Dodged            ||     9

Table legend: (Time is in decaauts)
 A = Elapsed time spent in this place.
 B = Non-inter-level travel time spent in this place.
 C = Inter-level travel time spent in this place.
 D = Time resting spent in this place.
 E = Time spent auto-exploring this place.
 F = Levels seen in this place.
 G = Mean time per level.
                   A        B        C        D        E       F      G
               +--------+--------+--------+--------+--------+-----+--------+
         Total |    258 |    240 |     18 |     94 |     70 |   2 |  129.0 |
       Dungeon |    258 |    240 |     18 |     94 |     70 |   2 |  129.0 |
               +--------+--------+--------+--------+--------+-----+--------+

Top non-repeatable levels by time:
     D:5: 133 daAuts
     D:4: 125 daAuts
